 Dungeon Crawl Stone Soup version 0.32-a0-673-g3729bd50f8 (webtiles) character file.

Game seed: 4211397163503960025

312 chugbro the Apothecary (level 6, -1/61 HPs)
             Began as a Demonspawn Alchemist on Mar 11, 2024.
             Slain by a gnoll
             ... wielding a +0 halberd
             ... led by a gnoll bouda
              (8 damage)
             ... on level 4 of the Dungeon.
             The game lasted 00:13:47 (4293 turns).

chugbro the Apothecary (Demonspawn Alchemist)       Turns: 4293, Time: 00:13:48

Health: -1/61      AC: 23    Str:  8    XL:     6   Next: 18%
Magic:  1/9        EV:  2    Int: 18    God:
Gold:   118        SH:  4    Dex: 13    Spells: 1/9 levels left

rFire   . . .        A - +1 dagger (protect)
rCold   . . .        E - orb {light}
rNeg    . . .        a - melded +0 robe
rPois   +            e - melded +0 hat
rElec   .            u - melded +0 cloak
rCorr   +            z - melded +0 pair of gloves {infuse}
SInv    .            (boots currently unavailable)
Will    .....        (no amulet)
Stlth   +            g - ring of wizardry
HPRegen 0.30/turn    j - ring of resist corrosion
MPRegen 0.11/turn

%: wizardry (x1)
@: brilliant, tree-form, glowing
A: stationary, stasis, torment immunity, boosted hp, (claws 1), (molten scales
1), condensation shield
a: no special abilities


You were on level 4 of the Dungeon.
You were a tree.
You visited 1 branch of the dungeon, and saw 4 of its levels.

You collected 118 gold pieces.

Inventory:

Hand Weapons
 A - a +1 dagger of protection (weapon)
Missiles
 l - 2 throwing nets
 o - 66 stones
 s - 4 javelins
Armour
 a - a +0 robe (melded)
 e - a +0 hat (melded)
 f - a +0 chain mail
 u - a +0 cloak (melded)
 z - a +0 pair of gloves of infusion (melded)
 E - an orb of light (worn)
Jewellery
 g - a ring of wizardry (left branch)
 j - a ring of resist corrosion (right branch)
 m - a ring of poison resistance
Wands
 B - a wand of polymorph (8)
 C - a wand of paralysis (11)
 D - a wand of flame (38)
Scrolls
 h - 2 scrolls of teleportation {unknown}
 i - 3 scrolls of poison {unknown}
 k - 4 scrolls of identify {unknown}
 p - a scroll of revelation {unknown}
 v - a scroll of fear {unknown}
 w - a scroll of amnesia {unknown}
 x - a scroll of noise {unknown}
 y - a scroll of blinking {unknown}
Potions
 b - a potion of magic
 c - a potion of cancellation
 n - a potion of might {unknown}
 q - a potion of brilliance
 r - 2 potions of enlightenment {unknown}
 t - a potion of heal wounds {unknown}


   Skills:
 - Level 1.7 Dodging
 - Level 1.7 Stealth
 - Level 2.0 Spellcasting
 + Level 4.4 Conjurations
 + Level 5.3 Alchemy


You had one spell level left.
You knew the following spells:

 Your Spells              Type           Power      Damage    Failure   Level
a - Sting                 Conj/Alch      100%       1d9       1%          1
b - Mephitic Cloud        Conj/Alch/Air  20%        N/A       6%          3
c - Sticky Flame          Fire/Alch      17%        2d5       24%         4

Your spell library contained the following spells:

 Spells                   Type           Power      Damage    Failure   Level
 Mercury Vapours          Alch/Air       34%        N/A       3%          2
 Olgreb's Toxic Radiance  Alch           31%        N/A       9%          4


Dungeon Overview and Level Annotations

Branches:
Dungeon (4/15)
 Temple: D:4-7

Altars:
Cheibriados
Gozag

Shops:
D:1 (

Annotations:
D:3 1 runed translucent door, Crazy Yiuf


Innate Abilities, Weirdness & Mutations

You are a tree.
Your roots penetrate the ground, keeping you stationary.
You cannot be teleported.
You are immune to unholy pain and torment.
Your maximum health is greatly increased.
Your equipment is partially melded.
((You have sharp fingernails.))
((You are partially covered in molten scales. (AC +2)))
A meltable shield of frost defends you. (SH +4)


Message History

The gnoll hits you from afar with a +0 halberd!
* * * LOW HITPOINT WARNING * * *
It was a potion of brilliance.
You feel clever all of a sudden.
The gnoll hits you but does no damage. x2; The gnoll barely misses you.
The gnoll hits you but does no damage.
Unknown command.
Okay, then.
You feel better.
The gnoll hits you but does no damage. x3
The gnoll completely misses you.
Okay, then.
Aiming: Sting (safe; 1% risk of failure)
Press: ? - help, Q - select action, (/) - cycle Shift-Dir - straight line, f - gnoll, p - gnoll
Aim: a gnoll, wielding a +0 halberd (lightly wounded, poisoned, haloed, 86% to hit)
You feel a surge of power!
The sting hits the gnoll.
The gnoll looks even sicker.
You kill the gnoll!
The gnoll looks more healthy. x2
The gnoll hits you from afar with a +0 halberd.
* * * LOW HITPOINT WARNING * * *
The gnoll hits you but does no damage.
The gnoll hits you from afar with a +0 halberd.
* * * LOW HITPOINT WARNING * * *
Okay, then.
Aiming: Paralyse
Press: ? - help, Shift-Dir - straight line, f - gnoll, p - gnoll
Aim: a gnoll, wielding a +0 halberd (haloed, chance to affect: 57%)
The gnoll resists with significant effort.
The gnoll hits you but does no damage. The gnoll hits you with a +0 flail.
* * * LOW HITPOINT WARNING * * *
The gnoll hits you but does no damage.
Okay, then.
Okay, then.
Aiming: Throw Flame
Press: ? - help, Shift-Dir - straight line, f - gnoll, p - gnoll
Aim: a gnoll, wielding a +0 flail (almost dead, covering ground quickly, haloed, 82% to hit)
The puff of flame hits the gnoll.
You kill the gnoll!
The gnoll hits you from afar with a +0 halberd!
You die...

.....##.................#
.....##.................##
.....##..................#
#
_....##.................##
##
####....................#
##. ###.................##
###.. ###..............##
##..## ###....g))....##
###..## ##...g)♣..###
###..### ##..######
##..### ##..### ###...##
#g...####......#
##.g...........##
##.....#.......#
#.g..##.......#
##...#........##
#.g.#.........#


You could see 2 gnolls.

Vanquished Creatures
  A hound (D:4)
  Jessica (D:3)
  A gnoll bouda (D:4)
  Terence (D:3)
  Natasha (thrice) (D:2)
  4 gnolls
  2 adders
  2 dart slugs
  A ribbon worm (D:2)
  An orc (D:3)
  6 ball pythons
  4 bats
  9 endoplasms
  10 goblins
  5 hobgoblins
  8 jackals
  5 quokkas
  2 frilled lizards (D:2)
  6 kobolds
  6 rats
78 creatures vanquished.

Notes
Turn   | Place    | Note
-------+----------+-------------------------------------------
     0 | D:1      | chugbro the Demonspawn Alchemist began the quest for the
                  | Orb.
     0 | D:1      | Reached XP level 1. HP: 13/13 MP: 3/3
   181 | D:1      | Found a faded altar of an unknown god.
   241 | D:1      | Gained mutation: You are partially covered in molten
                  | scales. (AC +2) [demonic ancestry]
   241 | D:1      | Reached XP level 2. HP: 19/19 MP: 5/5
   526 | D:1      | Found Yxeijuug's Weapon Emporium.
  1022 | D:2      | Reached XP level 3. HP: 20/24 MP: 4/6
  1770 | D:2      | Reached skill level 4 in Alchemy
  2030 | D:3      | Gained mutation: A meltable shield of frost defends you.
                  | (SH +4) [demonic ancestry]
  2030 | D:3      | Reached XP level 4. HP: 24/30 MP: 7/7
  2216 | D:3      | Found a runed translucent door.
  2217 | D:3      | Noticed Crazy Yiuf
  2335 | D:3      | Found an opulent altar of Gozag.
  2342 | D:3      | Noticed Jessica
  2349 | D:3      | Killed Jessica
  2427 | D:3      | Noticed Terence
  2432 | D:3      | Noticed Natasha
  2447 | D:2      | Killed Natasha
  2580 | D:2      | Noticed Natasha
  2591 | D:2      | Killed Natasha
  2592 | D:2      | Reached XP level 5. HP: 35/35 MP: 4/8
  2667 | D:2      | Noticed Natasha
  2673 | D:2      | Killed Natasha
  3528 | D:3      | Killed Terence
  3529 | D:3      | Reached skill level 5 in Alchemy
  4051 | D:4      | Learned a level 3 spell: Mephitic Cloud
  4056 | D:4      | Learned a level 4 spell: Sticky Flame
  4069 | D:4      | Found a snail-covered altar of Cheibriados.
  4180 | D:4      | Gained mutation: You have sharp fingernails. [demonic
                  | ancestry]
  4180 | D:4      | Reached XP level 6. HP: 41/41 MP: 5/9
  4293 | D:4      | Slain by a gnoll

Illustrated notes

Levels and vault maps discovered:
D:1:      lordsloth_arrival_two_stooges, layout_basic,
          ebering_ecumenical_altar_box, serial_shops,
          nicolae_shop_bloodbath_and_beyond, minmay_misc_feat_iff
D:2:      layout_loops_cross, minmay_pentomino_s4
D:3:      kennysheep_six_static_rooms, layout_basic, old_standard_altar,
          uniq_natasha, uniq_crazy_yiuf_cottage, uniq_jessica, uniq_terence
D:4:      layout_cave_pods, overflow_temple_1_default,
          minmay_temple_entry_sparse_star, hangedman_decor_opposing

Skill      XL: |  1  2  3  4  5 |
---------------+----------------+-----
Conjurations   | 2 3 4 |  4.4
Alchemy        | 4 5 |  5.3
Dodging        | |  1.7
Stealth        | |  1.7
Spellcasting   | |  2.0

Action                     |  1- 3 |  4- 6 || total
---------------------------+-------+-------++-------
  Melee: Halberd           |   101 |    19 ||   120
         Unarmed           |       |     9 ||     9
         Dagger            |       |    17 ||    17
  Throw: Javelin           |       |     2 ||     2
   Cast: Sting             |    27 |    52 ||    79
  Evoke: Wand              |       |     2 ||     2
    Use: Potion            |     3 |     3 ||     6
   Stab: Sleeping          |    11 |     2 ||    13
 Armour: Robe              |    77 |    26 ||   103
         Skin              |       |    29 ||    29
  Dodge: Dodged            |    86 |    33 ||   119
  Block: Other             |       |     4 ||     4

Table legend: (Time is in decaauts)
 A = Elapsed time spent in this place.
 B = Non-inter-level travel time spent in this place.
 C = Inter-level travel time spent in this place.
 D = Time resting spent in this place.
 E = Time spent auto-exploring this place.
 F = Levels seen in this place.
 G = Mean time per level.
                   A        B        C        D        E       F      G
               +--------+--------+--------+--------+--------+-----+--------+
         Total |   4358 |   4155 |    203 |      0 |   3396 |   4 | 1089.5 |
       Dungeon |   4358 |   4155 |    203 |      0 |   3396 |   4 | 1089.5 |
               +--------+--------+--------+--------+--------+-----+--------+

Top non-repeatable levels by time:
     D:2: 1778 daAuts
     D:3: 1432 daAuts
     D:1: 861 daAuts
     D:4: 285 daAuts
